 Dungeon Crawl Stone Soup version 0.17-a0-1078-g243345b (webtiles) character file.

63 Ruokin the Charmwright (level 3, 0/32 HPs)
             Began as a Deep Dwarf Skald on May 18, 2015.
             Killed by nerve-wracking pain
             ... invoked by Jessica
              (9 damage)
             ... on level 2 of the Dungeon.
             The game lasted 00:06:31 (1487 turns).

Ruokin the Charmwright (Deep Dwarf Skald)           Turns: 1487, Time: 00:06:33

Health: 0/32       AC:  3    Str: 15    XL:     3   Next: 87%
Magic:  2/5        EV: 12    Int: 13    God:
Gold:   74         SH:  0    Dex: 12    Spells: 3 memorised, 0 levels left

rFire  . . .     SeeInvis .     a - +0 mace
rCold  . . .     Clarity  .     b - +0 leather armour
rNeg   . . .     SustAb   .     (no shield)
rPois  .         Gourm    .     (no helmet)
rElec  .         Spirit   .     (no cloak)
rCorr  .         Warding  .     (no gloves)
rMut   .         Stasis   .     (no boots)
MR     .....                    (no amulet)
Stlth  +.........               (no ring)
                                (no ring)

@: singing, non-regenerating, not resistant to hostile enchantments, very
unstealthy
A: damage resistance, recharge devices, sense surroundings 1, slow healing 3
a: Device Recharging, Stop Singing


You were on level 2 of the Dungeon.
You were not hungry.

You visited 1 branch of the dungeon, and saw 2 of its levels.

You collected 74 gold pieces.

Inventory:

Hand weapons
 a - a +0 mace (weapon)
 f - a cursed -1 blowgun
Missiles
 n - 11 poisoned needles
Armour
 b - a +0 leather armour (worn)
Magical devices
 d - a wand of heal wounds (2)
Scrolls
 h - a scroll of teleportation
 l - 3 scrolls of identify {unknown}
 m - a scroll of fear {unknown}
Potions
 e - a potion of brilliance {unknown}
 j - a potion of magic {unknown}
Books
 c - a book of Battle

   Spells                             Type                      Level
   a - Infusion                       Charms                       1
   b - Shroud of Golubria             Charms/Translocation         2
   c - Song of Slaying                Charms                       2
   d - Spectral Weapon                Hexes/Charms                 3
   e - Regeneration                   Charms/Necromancy            3
Comestibles
 g - 3 fruits
 i - a beef jerky
 k - 2 slices of pizza


   Skills:
 + Level 2.1 Fighting
 + Level 2.6 Maces & Flails
 + Level 2.2 Armour
 + Level 1.9 Dodging
 + Level 1.9 Spellcasting
 + Level 2.9 Charms


You couldn't memorise any spells.
You knew the following spells:

 Your Spells              Type           Power        Failure   Level  Hunger
a - Infusion              Chrm           #.....       12%         1    ##.....
b - Shroud of Golubria    Chrm/Tloc      #.........   30%         2    ###....
c - Song of Slaying       Chrm           #.......     17%         2    ###....


Dungeon Overview and Level Annotations

Branches:
Dungeon (2/15)

Altars:

Annotations:
D:2 Jessica


Innate Abilities, Weirdness & Mutations

You are resistant to damage.
You can recharge devices by infusing magical energy.
You passively map a small area around you.
You do not heal naturally.


Message History

Jessica casts a spell.
Jessica seems to speed up.
The goblin hits you but does no damage.
You barely miss the kobold.
The kobold is heavily wounded.
Jessica closely misses you. The kobold hits you with a short sword.
Jessica hits you with a dagger. The goblin closely misses you.
You closely miss the kobold. Jessica closely misses you.
The kobold hits you but does no damage. The goblin hits you but does no damage.
Jessica completely misses you.
You barely miss the kobold. The kobold hits you with a short sword.
Jessica hits you with a dagger. The goblin hits you but does no damage.
The kobold hits you but does no damage. Jessica hits you with a dagger.
* * * LOW HITPOINT WARNING * * *
You hit Jessica.
Jessica is moderately wounded.
The goblin hits you. Jessica hits you but does no damage.
The kobold closely misses you. The goblin hits you.
Jessica gestures at you while chanting. Pain shoots through your body!
You die...

#§§§.......#.#...
.....###§.........#.....
.......############.....
....... ##########....
.......####.......###...
.......#..........+....(
.......#.##.......####.#
......@#'##.....>.#.....
......K@..####).........
......g...# #..........
...........# #..........
....................[...
........................
*
........................
........................
,
........................
............


You could see Jessica, a goblin and a kobold.

Vanquished Creatures
  2 adders (D:2)
  2 oozes (D:2)
  A giant gecko (D:1)
  2 bats (D:2)
  2 giant cockroaches
  8 goblins
  4 hobgoblins
  6 kobolds
  2 ball pythons (D:1)
  2 giant newts (D:1)
  4 rats
35 creatures vanquished.

Vanquished Creatures (others)
  A kobold (D:1)
1 creature vanquished.

Grand Total: 36 creatures vanquished

Notes
Turn   | Place    | Note
--------------------------------------------------------------
     0 | D:1      | Ruokin the Deep Dwarf Skald began the quest for the Orb.
     0 | D:1      | Reached XP level 1. HP: 19/19 MP: 3/3
   770 | D:1      | Reached XP level 2. HP: 20/26 MP: 1/4
  1128 | D:2      | Reached XP level 3. HP: 18/32 MP: 0/5
  1408 | D:2      | Learned a level 2 spell: Shroud of Golubria
  1411 | D:2      | Learned a level 2 spell: Song of Slaying
  1474 | D:2      | Noticed Jessica
  1487 | D:2      | Killed from afar by Jessica

Vault maps used:
D:1:      dpeg_arrival_radiant, st_stairs_4, lemuel_old_faithful
D:2:      uniq_jessica

Action                   || total
-------------------------++-------
Melee: Mace              ||   145
 Cast: Infusion          ||     4
       Shroud of Golubri ||     1
       Song of Slaying   ||     1
Evoke: Wand              ||     3
  Use: Scroll            ||     3
  Eat: Bread ration      ||     1
